 Dungeon Crawl Stone Soup version 0.26.1-2-gb8aa6d0cf2 (webtiles) character file.

Game seed: 5572754937099529303

1012 Chiseanne the Skirmisher (level 8, 36/63 HPs)
             Began as a Demonspawn Wanderer on Mar 3, 2021.
             Was an Initiate of Gozag.
             Quit the game on level 5 of the Dungeon.
             The game lasted 00:17:57 (6296 turns).

Chiseanne the Skirmisher (Demonspawn Wanderer)      Turns: 6296, Time: 00:17:57

Health: 36/63      AC: 12    Str: 11    XL:     8   Next: 1%
Magic:  9/9        EV: 13    Int: 12    God:    Gozag
Gold:   330        SH:  0    Dex: 18    Spells: 8/9 levels left

rFire    . . .     SeeInvis .   a - +0 falchion
rCold    . . .     Faith    .   (no shield)
rNeg     . . .     Spirit   .   l - +1 ring mail
rPois    .         Reflect  .   (no helmet)
rElec    .         Harm     .   i - +2 cloak
rCorr    .         Rampage  .   (no gloves)
Will     .....                  (no boots)
Stlth    +.........             (no amulet)
HPRegen  0.20/turn              (no ring)
MPRegen  0.11/turn              (no ring)

@: quite poisoned (36 -> 18), gold aura
A: hooves 1, miasma immunity, sharp scales 2
a: Renounce Religion, Potion Petition, Call Merchant, Bribe Branch


You were on level 5 of the Dungeon.
You worshipped Gozag.
Gozag was aware of your devotion.
You visited 2 branches of the dungeon, and saw 6 of its levels.

You collected 447 gold pieces.
You paid 117 gold pieces to Gozag.

Inventory:

Hand Weapons
 a - a +0 falchion (weapon)
 e - a +0 dagger
 t - a cursed -3 spear
Missiles
 b - 26 arrows
 d - 2 boomerangs (quivered)
 j - 214 stones
 o - 58 bolts
Armour
 i - a +2 cloak (worn)
 l - a +1 ring mail (worn)
Jewellery
 r - an uncursed ring of ice {unknown}
Scrolls
 h - a scroll of fog
 m - 2 scrolls of teleportation
 q - a scroll of fear
 u - 2 scrolls of amnesia
 y - 3 scrolls of immolation
Potions
 c - a potion of curing
 f - 2 potions of heal wounds
 g - a potion of resistance
 k - a potion of attraction {unknown}
 n - a potion of might
 p - 2 potions of flight
 s - a potion of magic


   Skills:
 * Level 5.5 Fighting
 - Level 1.0 Long Blades
 * Level 4.3 Armour
 * Level 5.3 Dodging
 - Level 1.7 Stealth
 - Level 1.0 Spellcasting
 - Level 1.0 Conjurations
 - Level 1.0 Fire Magic
 - Level 1.0 Evocations


You had 8 spell levels left.
You knew the following spells:

 Your Spells              Type           Power        Failure   Level
a - Magic Dart            Conj           12%          41%         1

Your spell library contained the following spells:

 Spells                   Type           Power        Failure   Level
 Blink                    Tloc           N/A          69%         2
 Call Imp                 Summ           0%           69%         2
 Slow                     Hex            0%           69%         2
 Conjure Flame            Conj/Fire      3%           78%         3
 Mephitic Cloud           Conj/Pois/Air  1%           86%         3


Dungeon Overview and Level Annotations

Branches:
Dungeon (5/15)             Temple (1/1) D:4

Altars:
Ashenzari
Elyvilon
Gozag
Nemelex Xobeh
Okawaru
Sif Muna
Vehumet
Xom
Zin

Annotations:
D:3 1 runed translucent door, Crazy Yiuf


Innate Abilities, Weirdness & Mutations

You have large cloven feet.
You are immune to miasma.
You are mostly covered in razor-sharp scales. (AC +2, Slay +2)


Message History

You closely miss the scorpion.
The scorpion is severely wounded.
You feel sick.
The scorpion stings you but does no damage.
You hit the scorpion.
The scorpion is almost dead.
You feel sick. The scorpion barely misses you. The scorpion stings you.
You are more poisoned.
The scorpion poisons you!
You hit the scorpion.
You kill the scorpion!
You feel sick.
The scorpion is caught in a web!
You have reached level 8!
You feel agile.
Your demonic ancestry asserts itself...
Your feet thicken and deform.
You hit the scorpion but do no damage. You kick the scorpion.
The scorpion is moderately wounded.
You feel very sick.
The scorpion struggles to get unstuck from the web.
Are you sure you want to abandon this character and quit the game? (Confirm with "yes".)

#.###################.# ##.
##...........#.......#.# #..
#.......####.#.#####.#.######..
#.#####.####.#.# #...........
#............#.#####...........
#..####.#..."......#...........
#....<#.#.....##.#.#.#+#....#..
###..#.......####..#.#.#.#.##.#..
............##.s@.##............>
####.#....###..#####.#.#.#.#..#..
#.#######.. #$..#.#.#..... #.#
#.. #.###.#.#..#.. ### ...
#.###.#.##.#.. .. #.............
. #.#.........#. #.#.........+.
#.#.........##


You could see a scorpion (webbed).

Vanquished Creatures
  Duvessa (D:5)
  Dowan (D:5)
  3 scorpions (D:5)
  A gnoll shaman (D:4)
  A centaur skeleton (D:5)
  3 hounds (D:4)
  2 orc wizards (D:3)
  Jessica (D:3)
  3 iguanas (D:5)
  4 worker ants
  2 hound skeletons (D:4)
  4 gnolls (D:4)
  11 adders
  3 river rats (D:3)
  A shadow imp (D:5)
  4 worms
  4 dart slugs
  3 leopard geckos
  3 orcs (D:3)
  6 bats
  15 giant cockroaches
  13 goblins
  7 hobgoblins
  11 jackals
  2 quokkas
  A ball python (D:2)
  3 frilled lizards (D:1)
  5 kobolds
  A quokka zombie (D:3)
  13 rats
132 creatures vanquished.

Vanquished Creatures (others)
  A bat (D:2)
  19 fungi (D:5)
20 creatures vanquished.

Grand Total: 152 creatures vanquished

Notes
Turn   | Place    | Note
-------+----------+-------------------------------------------
     0 | D:1      | Chiseanne the Demonspawn Wanderer began the quest for the
                  | Orb.
     0 | D:1      | Chiseanne set off with the following items: a +0 falchion,
                  | a potion of curing, a +0 robe, a +0 dagger; and the
                  | following spell memorised: Magic Dart; and the following
                  | spells available to memorise: Blink, Call Imp, Slow,
                  | Conjure Flame, Mephitic Cloud
     0 | D:1      | Reached XP level 1. HP: 15/15 MP: 2/2
   209 | D:1      | Gained mutation: You are partially covered in razor-sharp
                  | scales. (AC +1, Slay +1) [demonic ancestry]
   209 | D:1      | Reached XP level 2. HP: 21/21 MP: 3/3
   830 | D:1      | Reached XP level 3. HP: 5/27 MP: 4/4
  1582 | D:2      | Gained mutation: You are immune to miasma. [demonic
                  | ancestry]
  1582 | D:2      | Reached XP level 4. HP: 34/34 MP: 5/5
  1900 | D:3      | Reached skill level 1 in Armour
  2114 | D:3      | Gained mutation: You are mostly covered in razor-sharp
                  | scales. (AC +2, Slay +2) [demonic ancestry]
  2114 | D:3      | Reached XP level 5. HP: 31/41 MP: 6/6
  2124 | D:3      | Found an iron altar of Okawaru.
  2686 | D:3      | Found a runed translucent door.
  2688 | D:3      | Noticed Crazy Yiuf
  2753 | D:4      | Found a broken altar of Ashenzari.
  3413 | D:4      | Reached XP level 6. HP: 18/48 MP: 7/7
  3850 | D:4      | Found a staircase to the Ecumenical Temple.
  4215 | D:3      | Noticed Jessica
  4222 | D:3      | Killed Jessica
  4647 | D:3      | Reached XP level 7. HP: 55/55 MP: 8/8
  4806 | D:5      | Entered Level 5 of the Dungeon
  5013 | Temple   | Entered the Ecumenical Temple
  5020 | Temple   | Became a worshipper of Gozag Ym Sagoz the Greedy
  5358 | D:5      | Noticed Duvessa
  5362 | D:5      | Noticed Dowan
  5392 | D:5      | Killed Duvessa
  5409 | D:5      | Killed Dowan
  5410 | D:5      | Reached skill level 5 in Fighting
  5758 | D:5      | Reached skill level 5 in Dodging
  6295 | D:5      | Gained mutation: You have large cloven feet. [demonic
                  | ancestry]
  6295 | D:5      | Reached XP level 8. HP: 38/63 MP: 9/9
  6296 | D:5      | Quit the game

Illustrated notes

Levels and vault maps discovered:
D:1:      lightli_arrival_maybe_door_vault, layout_rooms, dk_noncrumbling_4
D:2:      layout_loops_cross, nrook_campfire
D:3:      minmay_roachtagon, layout_rooms, okawaru_trees_2,
          portal_sewer_entry_e, uniq_crazy_yiuf_cottage, uniq_jessica
D:4:      layout_basic, evilmike_ruin_ashenzari, minmay_temple_entry_fiery,
          minmay_unequal
D:5:      old_forge, layout_basic, uniq_duvessa
Temple:   cyrus_circular_temple

Skill      XL: |  1  2  3  4  5  6  7 |
---------------+----------------------+-----
Dodging        | 2 3 4 5 |  5.3
Fighting       | 2 3 4 5 |  5.5
Armour         | 1 2 3 4 |  4.3
Long Blades    | |  1.0
Stealth        | |  1.7
Spellcasting   | |  1.0
Conjurations   | |  1.0
Fire Magic     | |  1.0
Evocations     | |  1.0

Action                   |  1- 3 |  4- 6 |  7- 9 || total
-------------------------+-------+-------+-------++-------
Melee: Falchion          |   124 |   274 |   185 ||   583
       Kick              |       |       |     1 ||     1
Throw: Boomerang         |       |       |     5 ||     5
       Throwing net      |       |       |     1 ||     1
  Use: Scroll            |     5 |     7 |     1 ||    13
       Potion            |     1 |     3 |     3 ||     7
 Stab: Sleeping          |     3 |     5 |       ||     8
       Held in net/web   |       |       |     2 ||     2
Armor: Robe              |    37 |       |       ||    37
       Ring mail         |    12 |   147 |    70 ||   229
       Leather armour    |     1 |       |       ||     1
Dodge: Dodged            |   136 |   226 |   141 ||   503
       Rpst.: Falchion   |    41 |    69 |    46 ||   156
